 Dungeon Crawl Stone Soup version 0.28-a0-1518-gbe868bca14 (webtiles) character file.

Game seed: 11835430087600532225

480 miscthings the Ruffian (level 6, -2/47 HPs)
             Began as a Demigod Transmuter on Jan 16, 2022.
             Slain by an ogre (23 damage)
             ... on level 5 of the Dungeon.
             The game lasted 00:06:02 (4512 turns).

miscthings the Ruffian (Demigod Transmuter)         Turns: 4512, Time: 00:06:02

Health: -2/47      AC:  7    Str: 25    XL:     6   Next: 55%
Magic:  12/13      EV: 12    Int: 15    God:
Gold:   183        SH:  0    Dex: 14    Spells: 4/10 levels left

rFire   + . .      SeeInvis .     - Unarmed
rCold   . . .      Faith    .   (no shield)
rNeg    . . .      Spirit   .   j - +2 ring mail {rPois}
rPois   +          Reflect  .   (helmet currently unavailable)
rElec   .          Harm     .   (no cloak)
rCorr   .          Rampage  .   (no gloves)
Will    .....                   (boots currently unavailable)
Stlth   +.........              (no amulet)
HPRegen 0.15/turn               g - ring of protection from fire
MPRegen 0.13/turn               o - +6 ring of strength

@: appendages
A: horns 2, talons 2, high mp 1, forlorn, divine attributes
a: End Transformation


You were on level 5 of the Dungeon.
You had temporarily grown beastly horns and talons.
You visited 1 branch of the dungeon, and saw 5 of its levels.

You collected 183 gold pieces.

Inventory:

Missiles
 b - 6 poisoned darts (quivered)
Armour
 j - a +2 ring mail of poison resistance (worn)
Jewellery
 d - a ring of resist corrosion
 g - a ring of protection from fire (left hand)
 o - a +6 ring of strength (right hand)
Wands
 a - a wand of mindburst (9)
Scrolls
 f - a scroll of teleportation {unknown}
 h - a scroll of immolation
 l - a scroll of enchant weapon {unknown}
 m - a scroll of fear {unknown}
 n - a scroll of silence {unknown}
 p - a scroll of noise {unknown}
Potions
 c - 2 potions of mutation
 e - a potion of flight {unknown}
 i - 2 potions of curing {unknown}
 k - a potion of resistance {unknown}


   Skills:
 + Level 1.0 Fighting
 * Level 2.3 Throwing
 + Level 2.0 Armour
 + Level 2.8 Dodging
 + Level 0.7 Stealth
 + Level 4.6 Unarmed Combat
 + Level 2.7 Spellcasting
 + Level 2.5 Transmutations


You had 4 spell levels left.
You knew the following spells:

 Your Spells              Type           Power      Damage    Failure   Level
a - Beastly Appendage     Tmut           18%        N/A       11%         1
b - Wereblood             Tmut           9%         N/A       16%         2
c - Spider Form           Tmut/Pois      5%         N/A       50%         3

Your spell library contained the following spells:

 Spells                   Type           Power      Damage    Failure   Level
 Ensorcelled Hibernation  Hex/Ice        4%         N/A       43%         2
 Inner Flame              Hex/Fire       2%         N/A       67%         3
 Ice Form                 Ice/Tmut       5%         N/A       88%         4
 Anguish                  Hex/Necr       1%         N/A       97%         4
 Cause Fear               Hex            1%         N/A       97%         4
 Discord                  Hex            1%         N/A       100%        8


Dungeon Overview and Level Annotations

Branches:
Dungeon (5/15)
 Temple: D:4-7


Innate Abilities, Weirdness & Mutations

You have temporarily grown beastly horns and talons.
You have an increased reservoir of magic. (+10% MP)
You shall have no god before yourself.
Your divine heritage dramatically boosts your attributes as you level up.


Message History

You claw the water moccasin zombie, but do no damage.
Your headbutt misses the water moccasin zombie.
The water moccasin zombie is lightly damaged.
The water moccasin zombie closely misses you.
You hit the water moccasin zombie. You claw the water moccasin zombie.
The water moccasin zombie is moderately damaged.
The water moccasin zombie bites you but does no damage.
You punch the water moccasin zombie!
The water moccasin zombie is heavily damaged.
The water moccasin zombie bites you but does no damage.
You closely miss the water moccasin zombie.
Your kick misses the water moccasin zombie.
The water moccasin zombie is heavily damaged.
The water moccasin zombie barely misses you.
You closely miss the water moccasin zombie.
You claw the water moccasin zombie. You headbutt the water moccasin zombie.
The water moccasin zombie is severely damaged.
The water moccasin zombie bites you.
The water moccasin zombie barely misses you.
You barely miss the water moccasin zombie.
You claw the water moccasin zombie. You headbutt the water moccasin zombie!
You destroy the water moccasin zombie!
No target in view!
Your transformation is almost over.
A sky beast comes into view.
A sky beast is nearby!
The sky beast flickers out of sight!
Deactivating autopickup; reactivate with Ctrl-A.
An ogre comes into view. It is wielding a +0 giant club.
Casting: Beastly Appendage (safe; 11% risk of failure)
Confirm with . or Enter, or press ? or * to list all spells.
You extend your transformation's duration.
Something hits you. Something shocks you.
You closely miss something. Your headbutt misses something. Something hits you.
Something shocks you.
You barely miss something. Your headbutt misses something. Something hits you.
Something shocks you.
There is a stone staircase leading up here.
The ogre hits you with a +0 giant club!!
You die...

....... ##.......
#........ #####
#........
.....####........
###......$.......
#.#................
#..................
.#....@...........
.#....O....(.....#
................#.#####
#.#........?.#.....#...#
#..#........##..........
.............. .........
##.(.........#..........
##..........#..........
#..........##.........


You could see an ogre.

Vanquished Creatures
  A centaur (D:3)
  A phantom (D:4)
  A water moccasin zombie (D:5)
  A hound (D:4)
  A jelly (D:4)
  A gnoll shaman (D:4)
  An orc priest (D:3)
  An iguana (D:4)
  3 gnolls
  An adder (D:4)
  An adder skeleton (D:4)
  2 worms (D:2)
  3 dart slugs
  3 orcs
  8 ball pythons
  6 endoplasms
  A giant cockroach (D:4)
  10 goblins
  3 hobgoblins
  3 jackals (D:4)
  4 quokkas
  4 bats
  3 frilled lizards
  4 kobolds
  6 rats
73 creatures vanquished.

Notes
Turn   | Place    | Note
-------+----------+-------------------------------------------
     0 | D:1      | miscthings the Demigod Transmuter began the quest for the
                  | Orb.
     0 | D:1      | Reached XP level 1. HP: 15/15 MP: 5/5
    73 | D:1      | Reached skill level 3 in Unarmed Combat
   193 | D:1      | Reached XP level 2. HP: 22/22 MP: 7/7
  1140 | D:2      | Reached XP level 3. HP: 27/27 MP: 6/8
  1243 | D:2      | Learned a level 2 spell: Wereblood
  1693 | D:3      | You fall into a shaft and drop 2 floors!
  1693 | D:5      | Entered Level 5 of the Dungeon
  1693 | D:5      | Noticed an ogre
  1837 | D:4      | Noticed a phantom
  1865 | D:4      | Killed a phantom
  1866 | D:4      | Reached skill level 1 in Throwing
  1866 | D:4      | Reached XP level 4. HP: 23/34 MP: 7/10
  2022 | D:3      | Reached skill level 1 in Armour
  2296 | D:3      | Learned a level 3 spell: Spider Form
  2365 | D:3      | Reached skill level 1 in Fighting
  2365 | D:3      | Reached XP level 5. HP: 22/40 MP: 9/11
  2599 | D:3      | Noticed a centaur
  2616 | D:3      | Killed a centaur
  3002 | D:4      | Reached skill level 4 in Unarmed Combat
  3056 | D:4      | Reached XP level 6. HP: 20/47 MP: 13/13
  4512 | D:5      | Slain by an ogre

Illustrated notes

Levels and vault maps discovered:
D:1:      dpeg_arrival_orchard, layout_basic,
          hellmonk_ecumenical_altar_crossroads, serial_bayou_crossing
D:2:      layout_loops_ring, grunt_ministairs_3, kennysheep_generic_room_8
D:3:      layout_loops_corners, zin_academy
D:4:      layout_layer_cave, grunt_temple_overflow_diamond,
          nicolae_overflow_hidden_temple, tgw_sif,
          nicolae_qazlal_general_emergency, serial_co_window_serial,
          co_window_cross_1, co_window_paths_a, co_window_of_opportunity_a,
          co_window_of_opportunity_a, co_window_paths_a, co_window_corner_b,
          co_window_cross_2, co_window_broadway_c, co_window_unsneaky_path_e,
          co_window_paths_c
D:5:      layout_rooms, grunt_temple_overflow_champion_of_chaos,
          grunt_dithmenos_smoke_and_mirrors

Skill      XL: |  1  2  3  4  5  6 |
---------------+-------------------+-----
Unarmed Combat | 3 4 |  4.6
Dodging        | 2 |  2.8
Spellcasting   | 2 |  2.7
Transmutations | 2 |  2.5
Throwing       | 1 2 |  2.3
Armour         | 1 2 |  2.0
Fighting       | 1 |  1.0
Stealth        | |  0.7

Action                   |  1- 3 |  4- 6 || total
-------------------------+-------+-------++-------
Melee: Unarmed           |   117 |   121 ||   238
       Kick              |    28 |    21 ||    49
       Headbutt          |     9 |    14 ||    23
       Punch             |     3 |     5 ||     8
Throw: Dart              |       |     1 ||     1
 Cast: Beastly Appendage |    18 |    18 ||    36
Evoke: Wand              |       |     2 ||     2
  Use: Scroll            |     2 |     1 ||     3
 Stab: Sleeping          |     2 |       ||     2
Armor: Robe              |     7 |       ||     7
       Ring mail         |    16 |    45 ||    61
Dodge: Dodged            |    72 |    71 ||   143

Table legend: (Time is in decaauts)
 A = Elapsed time spent in this place.
 B = Non-inter-level travel time spent in this place.
 C = Inter-level travel time spent in this place.
 D = Time resting spent in this place.
 E = Time spent auto-exploring this place.
 F = Levels seen in this place.
 G = Mean time per level.
                   A        B        C        D        E       F      G
               +--------+--------+--------+--------+--------+-----+--------+
         Total |   4502 |   4291 |    211 |    768 |   2793 |   5 |  900.4 |
       Dungeon |   4502 |   4291 |    211 |    768 |   2793 |   5 |  900.4 |
               +--------+--------+--------+--------+--------+-----+--------+

Top non-repeatable levels by time:
     D:4: 1604 daAuts
     D:3: 1157 daAuts
     D:2: 888 daAuts
     D:1: 796 daAuts
     D:5: 56 daAuts
